 Dungeon Crawl Stone Soup version 0.28.0 (webtiles) character file.

Game seed: 11183789369676852701

21 croobank the Skirmisher (level 2, -3/31 HPs)
             Began as an Ogre Warper on Feb 10, 2022.
             Frozen to death by an endoplasm (5 damage)
             ... on level 2 of the Dungeon.
             The game lasted 00:03:33 (1537 turns).

croobank the Skirmisher (Ogre Warper)               Turns: 1537, Time: 00:03:34

Health: -3/31      AC:  3    Str: 14    XL:     2   Next: 87%
Magic:  3/5        EV: 10    Int: 14    God:
Gold:   77         SH:  0    Dex:  8    Spells: 3/5 levels left

rFire   . . .      SeeInvis .   i - +1 short sword (flame)
rCold   . . .      Faith    .   (no shield)
rNeg    . . .      Spirit   .   b - +0 robe
rPois   +          Reflect  .   (helmet restricted)
rElec   .          Harm     .   (no cloak)
rCorr   .          Rampage  .   (gloves unavailable)
Will    .....                   (boots unavailable)
Stlth   +.........              (no amulet)
HPRegen 0.10/turn               f - ring of poison resistance
MPRegen 0.09/turn               (no ring)

@: no status effects
A: large, unfitting armour, tough skin 1
a: no special abilities


You were on level 2 of the Dungeon.
You visited 1 branch of the dungeon, and saw 2 of its levels.

You collected 77 gold pieces.

Inventory:

Hand Weapons
 a - a +0 hand axe
 i - a +1 short sword of flaming (weapon)
Missiles
 d - 5 boomerangs of dispersal (quivered)
 h - 26 sling bullets
 l - 15 bolts
Armour
 b - a +0 robe (worn)
Jewellery
 f - a ring of poison resistance (left hand)
Scrolls
 c - a scroll of blinking
 k - 2 scrolls of identify {unknown}
Potions
 e - a potion of heal wounds {unknown}
 g - 3 potions of curing {unknown}
 j - a potion of brilliance {unknown}
 m - a potion of lignification {unknown}


   Skills:
 + Level 3.0 Fighting
 - Level 2.4 Axes
 + Level 1.0 Throwing
 + Level 2.6 Dodging
 + Level 2.4 Spellcasting
 + Level 2.8 Translocations


You had 3 spell levels left.
You knew the following spells:

 Your Spells              Type           Power      Damage    Failure   Level
a - Blink                 Tloc           18%        N/A       11%         2

Your spell library contained the following spells:

 Spells                   Type           Power      Damage    Failure   Level
 Animate Skeleton         Necr           2%         N/A       22%         1
 Pain                     Necr           4%         1d4       22%         1
 Gell's Gravitas          Tloc           9%         N/A       22%         3
 Lesser Beckoning         Tloc           9%         N/A       22%         3
 Teleport Other           Tloc           9%         N/A       22%         3
 Vampiric Draining        Necr           1%         2d6       56%         3
 Manifold Assault         Tloc           9%         N/A       90%         5


Dungeon Overview and Level Annotations

Branches:
Dungeon (2/15)

Altars:


Innate Abilities, Weirdness & Mutations

You are too large for most types of armour.
You have tough skin. (AC +1)


Message History

The worm is lightly wounded.
The worm misses you.
You barely miss the worm.
The worm is lightly wounded.
The worm bites you.
You hit the worm. You burn the worm.
The worm is lightly wounded.
You barely miss the worm.
The worm is lightly wounded.
The worm bites you!
You completely miss the worm.
The worm is lightly wounded.
The worm closely misses you.
You barely miss the worm. You hit the worm. You burn the worm.
The worm is lightly wounded.
The worm bites you!
You hit the worm. You burn the worm.
The worm is heavily wounded.
The worm bites you.
You barely miss the worm.
The worm is heavily wounded.
The worm bites you.
* * * LOW HITPOINT WARNING * * *
You hit the worm. You burn the worm.
The worm is heavily wounded.
You barely miss the worm. You punch the worm.
The worm is severely wounded.
The worm bites you!
* * * LOW HITPOINT WARNING * * *
Casting: Blink (safe; 11% risk of failure)
Confirm with . or Enter, or press ? or * to list all spells.
You blink.
An endoplasm comes into view.
The endoplasm quivers.
An endoplasm comes into view.
You feel stable enough to blink again. The endoplasm freezes you.
You are frozen.
You die...

## .. .. ## ##.#.## #.
.#....## #.##.#.....
...###........###.#
.......@.###......#
......J...wJ.########
#####+######........##
#.#.#(......#.#
.##.#.......#.#
...........#.#
..........#.## ..
.........#.## .#
............#.##


You could see a worm and 2 endoplasms.

Vanquished Creatures
  A ball python (D:1)
  A bat (D:1)
  5 endoplasms
  2 giant cockroaches
  A hobgoblin (D:1)
  A quokka (D:1)
  A frilled lizard (D:2)
  3 kobolds (D:1)
  3 rats
18 creatures vanquished.

Vanquished Creatures (others)
  A fungus (D:2)
  7 plants (D:2)
  3 withered plants (D:2)
11 creatures vanquished.

Grand Total: 29 creatures vanquished

Notes
Turn   | Place    | Note
-------+----------+-------------------------------------------
     0 | D:1      | croobank the Ogre Warper began the quest for the Orb.
     0 | D:1      | Reached XP level 1. HP: 22/22 MP: 3/3
   464 | D:1      | Reached XP level 2. HP: 26/29 MP: 5/5
   467 | D:1      | Learned a level 2 spell: Blink
  1292 | D:2      | Reached skill level 3 in Fighting
  1537 | D:2      | Frozen to death by an endoplasm

Illustrated notes

Levels and vault maps discovered:
D:1:      ebering_hopf_link, layout_basic, grunt_decor_junction,
          skrybe_limestone_x
D:2:      wad_pebble_path, layout_basic, shapermc_ecumenical_altar_gd

Skill      XL: |  1  2 |
---------------+-------+-----
Fighting       | 3 |  3.0
Axes           | |  2.4
Throwing       | |  1.0
Dodging        | |  2.6
Spellcasting   | |  2.4
Translocations | |  2.8

Action                   || total
-------------------------++-------
Melee: Hand axe          ||    40
       Short sword       ||    29
       Punch             ||     1
 Cast: Blink             ||     1
Armor: Robe              ||    20
Dodge: Dodged            ||    25
